 Dungeon Crawl Stone Soup version 0.32-a0-975-g85d4e5bfdb (webtiles) character file.

Game seed: 7127837794533802713

39 funkygono the Firebug (level 3, -1/19 HPs)
             Began as a Gargoyle Fire Elementalist on Apr 18, 2024.
             Incinerated by a bombardier beetle (2 damage)
             ... with a burning spray
             ... on level 3 of the Dungeon.
             The game lasted 00:02:47 (2427 turns).

funkygono the Firebug (Gargoyle Fire Elementalist)  Turns: 2427, Time: 00:02:48

Health: -1/19      AC:  6    Str: 11    XL:     3   Next: 47%
Magic:  0/6        EV: 11    Int: 17    God:
Gold:   105        SH:  0    Dex: 10    Spells: 4/7 levels left

rFire   . . .        j - +1 demon whip
rCold   . . .        (no shield)
rNeg    + . .        a - +0 robe
rPois   ∞            (no helmet)
rElec   +            (no cloak)
rCorr   .            (no gloves)
SInv    .            g - +0 pair of boots
Will    .....        (no amulet)
Stlth   +            (no ring)
HPRegen 0.23/turn    (no ring)
MPRegen 0.10/turn

%: no passive effects
@: on fire, very slightly contaminated, glowing
A: sickness immunity, AC +3, negative energy resistance 1, electricity
resistance, torment resistance 1, petrification resistance
a: no special abilities


You were on level 3 of the Dungeon.
You visited 1 branch of the dungeon, and saw 3 of its levels.

You collected 105 gold pieces.

Inventory:

Hand Weapons
 j - a +1 demon whip (weapon)
Armour
 a - a +0 robe (worn)
 g - a +0 pair of boots (worn)
Jewellery
 l - an amulet of magic regeneration
Wands
 m - a wand of paralysis (7)
Scrolls
 i - a scroll of fear
Potions
 b - a potion of magic
 e - a potion of enlightenment
 f - a potion of mutation
 o - a potion of resistance


   Skills:
 + Level 1.8 Dodging
 + Level 2.5 Stealth
 + Level 2.5 Spellcasting
 + Level 1.2 Conjurations
 + Level 3.6 Fire Magic


You had 4 spell levels left.
You knew the following spells:

 Your Spells              Type           Power      Damage    Failure   Level
a - Foxfire               Conj/Fire      40%        2x1d6     7%          1
b - Scorch                Fire           28%        2d6       6%          2

Your spell library contained the following spells:

 Spells                   Type           Power      Damage    Failure   Level
 Inner Flame              Hex/Fire       8%         N/A       26%         3
 Volatile Blastmotes      Fire/Tloc      16%        2d11      26%         3
 Lesser Beckoning         Tloc           4%         N/A       28%         2
 Maxwell's Portable Pile  Tloc           2%         2d(5-14)  50%         3
 Teleport Other           Tloc           2%         N/A       50%         3
 Flame Wave               Conj/Fire      10%        2d6       54%         4


Dungeon Overview and Level Annotations

Branches:
Dungeon (3/15)

Altars:

Annotations:
D:3 1 transporter


Innate Abilities, Weirdness & Mutations

You are immune to sickness and miasma.
Your stone body is resilient. (AC +3)
You are immune to poison.
You resist negative energy. (rN+)
You are resistant to electric shocks. (rElec)
You are resistant to unholy torment.
You are immune to petrification.


Message History

Your foxfire dissipates! x2
Casting: Foxfire (safe; 7% risk of failure)
Confirm with . or Enter, or press ? or * to list all spells.
You conjure some foxfire!
The foxfire hits the bombardier beetle but does no damage.
The bombardier beetle is moderately wounded.
The bombardier beetle sprays incendiary fluid at you.
The burning spray hits you.
You are covered in liquid fire!
The liquid fire burns you!
Your foxfire dissipates!
The foxfire hits the bombardier beetle.
The bombardier beetle is heavily wounded.
Casting: Foxfire (safe; 7% risk of failure)
Confirm with . or Enter, or press ? or * to list all spells.
You conjure some foxfire!
The liquid fire burns you!
Your foxfire dissipates!
The liquid fire burns you!
* * * LOW HITPOINT WARNING * * *
The foxfire hits the bombardier beetle.
The bombardier beetle is heavily wounded.
The foxfire hits the bombardier beetle.
The bombardier beetle is almost dead.
Casting: Foxfire (safe; 7% risk of failure)
Confirm with . or Enter, or press ? or * to list all spells.
You don't have enough magic to cast this spell.
Casting: Foxfire (safe; 7% risk of failure)
Confirm with . or Enter, or press ? or * to list all spells.
You miscast Foxfire.
You are very lightly contaminated with residual magic.
Nothing appears to happen.
The liquid fire burns you!
* * * LOW HITPOINT WARNING * * *
You shake off some of the fire as you move.
The liquid fire burns you!
* * * LOW HITPOINT WARNING * * *
You shake off some of the fire as you move.
The liquid fire burns you!
You die...

..........# #..#
.........# #....
........# ##...# .......
###...# ..... ......###
... .##.....# #.#
........# #B# .##.#...#
#@#
.#.....#########.#######
)......#§..........))...
.#...............######.
.#.....#.#########
.#..####.# .#..# #.#
.#..# #.# .#..# #.#


You could see a bombardier beetle.

Vanquished Creatures
  4 orcs (D:3)
  3 ball pythons
  3 endoplasms (D:2)
  A giant cockroach (D:3)
  3 goblins
  2 hobgoblins (D:1)
  A quokka (D:1)
  7 bats
  4 frilled lizards (D:2)
  2 kobolds
  5 rats
35 creatures vanquished.

Vanquished Creatures (others)
  83 foxfires
83 creatures vanquished.

Grand Total: 118 creatures vanquished

Notes
Turn   | Place    | Note
-------+----------+-------------------------------------------
     0 | D:1      | funkygono the Gargoyle Fire Elementalist began the quest
                  | for the Orb.
     0 | D:1      | Reached XP level 1. HP: 10/10 MP: 3/3
   105 | D:1      | Identified the +12 sling of Brawling {flame, Str+4}
   325 | D:1      | Reached XP level 2. HP: 15/15 MP: 3/5
   328 | D:1      | Learned a level 2 spell: Scorch
  1523 | D:2      | Reached XP level 3. HP: 18/19 MP: 3/6
  2304 | D:3      | Found a transporter.
  2427 | D:3      | Incinerated by a bombardier beetle

Illustrated notes

Levels and vault maps discovered:
D:1:      lightli_arrival_isolated_outpost, layout_loops_ring,
          hangedman_decor_slide_cut, minmay_misc_feat_chi,
          hangedman_decor_clover_reticule, columned_hall_lemuel,
          skrybe_limestone_x, nrook_loot_triangle
D:2:      layout_loops_ring, serial_rivers, chequers_serial_rivers_room_b,
          chequers_serial_rivers_micro_b, chequers_serial_rivers_room_a,
          chequers_serial_rivers_small_b, chequers_serial_rivers_large_a,
          chequers_serial_rivers_small_3
D:3:      layout_basic, mainiacjoe_overflow_catwalk, serial_shops, shop,
          gammafunk_ghost_stat_death

Action                     || total
---------------------------++-------
  Melee: Unarmed           ||     3
         Demon whip        ||    16
   Cast: Foxfire           ||    48
         Scorch            ||     6
    Use: Scroll            ||     8
 Armour: Robe              ||    20
  Dodge: Dodged            ||    16

Table legend: (Time is in decaauts)
 A = Elapsed time spent in this place.
 B = Non-inter-level travel time spent in this place.
 C = Inter-level travel time spent in this place.
 D = Time resting spent in this place.
 E = Time spent auto-exploring this place.
 F = Levels seen in this place.
 G = Mean time per level.
                   A        B        C        D        E       F      G
               +--------+--------+--------+--------+--------+-----+--------+
         Total |   2456 |   2350 |    106 |      0 |   2069 |   3 |  818.7 |
       Dungeon |   2456 |   2350 |    106 |      0 |   2069 |   3 |  818.7 |
               +--------+--------+--------+--------+--------+-----+--------+

Top non-repeatable levels by time:
     D:2: 1199 daAuts
     D:1: 1030 daAuts
     D:3: 226 daAuts
